 Dungeon Crawl Stone Soup version 0.26-b1-32-g5d43845318 (webtiles) character file.

Game seed: 2711832483989358000

3045 Borgoz the Skirmisher (level 9, -1/80 HPs)
             Began as a Ghoul Gladiator on Jan 13, 2021.
             Was a Priest of Okawaru.
             Slain by an orc warrior
             ... wielding a +0 hand axe
              (10 damage)
             ... in a bailey.
             The game lasted 00:11:34 (10346 turns).

Borgoz the Skirmisher (Ghoul Gladiator)            Turns: 10346, Time: 00:11:35

Health: -1/80      AC: 10    Str: 19    XL:     9   Next: 87%
Magic:  8/8        EV: 13    Int: 12    God:    Okawaru [***...]
Gold:   1414       SH:  5    Dex: 12    Spells: 8/8 levels left

rFire    . . .     SeeInvis +   a - +0 flail (drain)
rCold    + . .     Faith    .   i - +2 buckler
rNeg     + + +     Spirit   .   w - +1 ring mail of the Present {*Slow Int+6 SInv} (curse)
rPois    ∞         Reflect  .   h - +1 helmet {Int+3}
rElec    .         Harm     .   r - +0 cloak
rCorr    .         Rampage  .   (no gloves)
Will     .....                  (no boots)
Stlth    +.........             p - amulet of the acrobat
HPRegen  0.00/turn              (no ring)
MPRegen  0.11/turn              (no ring)

@: very slightly contaminated, invisible
A: claws 1, cold resistance 1, negative energy resistance 3, inhibited
regeneration, torment resistance, unbreathing
a: Renounce Religion, Heroism


You were in a bailey.
You worshipped Okawaru.
Okawaru was most pleased with you.
You visited 2 branches of the dungeon, and saw 10 of its levels.
You also visited: Bailey.

You collected 1589 gold pieces.
You spent 175 gold pieces at shops.

Inventory:

Hand Weapons
 a - a +0 flail of draining (weapon)
 b - a +0 flail of protection
 l - the +2 long sword "Juami" {freeze, rPois rN+ Will+}
   (You found it on level 4 of the Dungeon)

   It has been specially enchanted to freeze those struck by it, causing extra
   injury to most foes and up to half again as much damage against particularly
   susceptible opponents.
   It can also slow down cold-blooded creatures.
   It protects you from poison.
   It protects you from negative energy.
   It affects your willpower, your defense against some magical effects.
Armour
 h - a +1 helmet of intelligence (worn)
 i - a +2 buckler (worn)
 r - a +0 cloak (worn)
 t - a +2 chain mail of willpower
 w - the cursed +1 ring mail of the Present (worn) {*Slow Int+6 SInv}
   (You found it on level 8 of the Dungeon)

   It affects your intelligence (+6).
   It lets you see invisible.
   It may slow you when you take damage.
   It has a curse placed upon it.
Jewellery
 m - an uncursed ring of fire
 p - an amulet of the acrobat (around neck)
Wands
 d - a wand of flame (4)
 o - a wand of acid (9)
 q - a wand of iceblast (8)
 y - a wand of disintegration (17)
Scrolls
 c - a scroll of fear
 e - 7 scrolls of teleportation
 f - a scroll of enchant armour
 g - 2 scrolls of identify
 s - 3 scrolls of remove curse
Potions
 j - 3 potions of flight
 k - a potion of mutation {unknown}
 n - 5 potions of heal wounds
 u - 3 potions of haste
 v - a potion of invisibility
 x - a potion of curing
 z - 2 potions of magic


   Skills:
 * Level 7.6 Fighting
 * Level 6.7 Maces & Flails
 - Level 1.7 Throwing
 * Level 6.0 Armour
 * Level 6.7 Dodging


You had 8 spell levels left.
You didn't know any spells.
Your spell library contained the following spells:

 Spells                   Type           Power        Failure   Level
 Animate Skeleton         Necr           0%           65%         1
 Apportation              Tloc           0%           65%         1
 Corona                   Hex            0%           65%         1
 Magic Dart               Conj           0%           65%         1
 Summon Small Mammal      Summ           0%           65%         1
 Searing Ray              Conj           0%           80%         2
 Dazzling Flash           Conj/Hex       0%           95%         3
 Fulminant Prism          Conj/Hex       0%           100%        4
 Iskenderun's Mystic Bla  Conj/Tloc      0%           100%        4


Dungeon Overview and Level Annotations

Branches:
Dungeon (9/15)             Temple (1/1) D:4             Orc (0/2) D:9
 Bailey (1/1)
   Lair: D:8-11

Altars:
Ashenzari
Cheibriados
Dithmenos
Elyvilon
Fedhas
Gozag
Kikubaaqudgha
Okawaru
Qazlal
Ru
Sif Muna
Trog
Uskayaw
Vehumet
Xom
Yredelemnul
Zin
The Shining One

Shops:
D:4 =   D:5 :   D:6 ?   D:8 :

Annotations:
D:3 2 transporters


Innate Abilities, Weirdness & Mutations

You thrive by killing the living.
You are immune to poison.
You have sharp fingernails.
Your flesh is cold resistant. (rC+)
You are immune to negative energy. (rN+++)
You do not regenerate when monsters are visible.
You are immune to unholy pain and torment.
You can survive without breathing.


Message History

Okay, then.
The orc knight roars a battlecry!
The orcs go into a battle-frenzy!
There is an open door, spattered with blood here.
Items here: ))))))))) [[[[[[[[[ †††††††.
You fade into invisibility!
You block the orc warrior's attack.
You are very lightly contaminated with residual magic.
You miss the orc warrior. You miss the orc warrior.
The orc warrior closely misses you. The gnoll barely misses you.
You catch the helpless gnoll completely off-guard!
You hit the gnoll but do no damage. You drain the gnoll.
The gnoll is lightly wounded.
The orc warrior hits you with a +0 hand axe!!
* * * LOW HITPOINT WARNING * * *
You hit the orc warrior.
The orc warrior is moderately wounded.
The orc warrior hits you with a +0 hand axe!
You die... 8

##.........##
#.....⌠.....#
##.........##
#...og....#
##..o....##
#...og..# ##..goo##
####o## ##..@o.##
#.......#
##.......##
#.........#
##.........##
#######.....⌠.....#
##.....##.........##
#.......#.........#
##.......##.......##


You could see an orc knight (drained), 2 orc warriors, an orc (strong) and a
hobgoblin.

Vanquished Creatures
  An ugly thing (D:9)
  Grinder (D:6)
  Edmund (D:6)
  2 sky beasts
  An ice beast (D:6)
  2 orc warriors (Bailey)
  A necrophage (D:7)
  An ogre (D:5)
  2 centaurs (D:5)
  A bullfrog (D:8)
  3 scorpions
  11 killer bees
  6 howler monkeys
  A centaur zombie (D:6)
  4 hounds
  A quasit (D:6)
  2 iguanas
  2 orc wizards
  5 worker ants
  A hound zombie (D:6)
  A worker ant zombie (D:6)
  6 gnolls
  3 adders
  A shadow imp (D:9)
  3 white imps
  An ufetubus (D:9)
  An ooze (D:3)
  An adder skeleton (D:6)
  3 worms
  3 dart slugs
  8 leopard geckos
  27 orcs
  4 giant cockroaches
  11 hobgoblins
  8 jackals
  10 kobolds
  2 quokkas
  8 bats
  12 frilled lizards
  20 goblins
  A quokka skeleton (D:5)
  4 rats
187 creatures vanquished.

Vanquished Creatures (others)
  A wizard (D:4)
  An orc (D:3)
  A ball python (D:3)
3 creatures vanquished.

Grand Total: 190 creatures vanquished

Notes
Turn   | Place    | Note
-------+----------+-------------------------------------------
     0 | D:1      | Borgoz the Ghoul Gladiator began the quest for the Orb.
     0 | D:1      | Reached XP level 1. HP: 17/17 MP: 0/0
    36 | D:1      | Reached XP level 2. HP: 19/25 MP: 1/1
    95 | D:1      | Lost intelligence.
   538 | D:1      | Reached XP level 3. HP: 7/30 MP: 2/2
   805 | D:1      | Reached skill level 1 in Armour
  1495 | D:2      | Reached skill level 3 in Fighting
  1495 | D:2      | Reached XP level 4. HP: 38/38 MP: 3/3
  1507 | D:2      | Found a glowing silver altar of Zin.
  1509 | D:2      | Found a bloodstained altar of Trog.
  2646 | D:3      | Found a transporter.
  2697 | D:3      | Reached XP level 5. HP: 21/45 MP: 4/4
  2764 | D:3      | You fall into a shaft and drop 1 floor!
  2764 | D:4      | Found a staircase to the Ecumenical Temple.
  2771 | Temple   | Entered the Ecumenical Temple
  2861 | Temple   | Became a worshipper of Warmaster Okawaru
  3104 | D:3      | Found a transporter.
  3566 | D:4      | Found Keuceib's Jewellery Emporium.
  3573 | D:4      | Got an encrusted long sword
  3599 | D:4      | Found a shimmering altar of Xom.
  3867 | D:4      | Found a bloodstained altar of Trog.
  3868 | D:4      | Noticed a wizard
  3874 | D:4      | Killed a wizard
  4305 | D:5      | Entered Level 5 of the Dungeon
  4391 | D:5      | Reached XP level 6. HP: 52/52 MP: 5/5
  4541 | D:5      | Reached skill level 4 in Fighting
  4586 | D:5      | Found Jiohalle's Book Boutique.
  4677 | D:5      | HP: 2/52 [centaur/arrow (5)]
  4696 | D:5      | Reached XP level 7. HP: 8/60 MP: 6/6
  5625 | D:6      | Reached * piety under Okawaru
  5683 | D:6      | Noticed Grinder
  5709 | D:6      | Killed Grinder
  5710 | D:6      | Reached skill level 5 in Fighting
  6093 | D:6      | Reached XP level 8. HP: 64/68 MP: 7/7
  6248 | D:6      | Found an opulent altar of Gozag.
  6295 | D:6      | Reached skill level 5 in Maces & Flails
  6321 | D:6      | Reached skill level 5 in Dodging
  6628 | D:6      | Found Jeudd's Magic Scroll Shop.
  6631 | D:6      | Bought a scroll of identify for 26 gold pieces
  6631 | D:6      | Bought a scroll of identify for 26 gold pieces
  6631 | D:6      | Identified a scroll of acquirement
  6637 | D:6      | Acquired 1069 gold pieces
  6651 | D:6      | Bought a scroll of teleportation for 39 gold pieces
  6651 | D:6      | Bought a scroll of teleportation for 39 gold pieces
  6651 | D:6      | Bought a scroll of fear for 45 gold pieces
  6783 | D:6      | Noticed Edmund
  6809 | D:6      | Killed Edmund
  7096 | D:6      | Reached ** piety under Okawaru
  7203 | D:7      | Reached skill level 6 in Fighting
  7606 | D:7      | Identified the +2 long sword "Juami" {freeze, rPois rN+
                  | Will+} (You found it on level 4 of the Dungeon)
  7777 | D:7      | Reached XP level 9. HP: 46/78 MP: 8/8
  7791 | D:7      | Reached skill level 5 in Armour
  8367 | D:8      | Got a transparent ring mail
  8378 | D:8      | Identified the cursed +1 ring mail of the Present {*Slow
                  | Int+6 SInv} (You found it on level 8 of the Dungeon)
  8522 | D:8      | Found Devviz's Book Boutique.
  8685 | D:8      | Found an iron altar of Okawaru.
  9032 | D:8      | Reached *** piety under Okawaru
  9148 | D:8      | Reached skill level 7 in Fighting
  9722 | D:9      | Found a flagged portal.
  9766 | D:9      | Noticed a purple ugly thing
  9792 | D:9      | Killed a purple ugly thing
  9963 | Bailey   | Entered a bailey
 10317 | Bailey   | Noticed an orc knight
 10346 | Bailey   | Slain by an orc warrior

Illustrated notes

Levels and vault maps discovered:
D:1:      zaba_arrival_water, layout_basic, minmay_pentomino_p4
D:2:      layout_basic, chequers_temple_overflow_statue_of_worship
D:3:      gammafunk_wand_slinger, layout_rooms, lemuel_flame_loot_1
D:4:      layout_loops_cross, xom_butterflies, minmay_temple_entry_stoned_glass,
          serial_shops, nicolae_shop_temple_entry_statues_fountains,
          chequers_serial_rivers_small_a, trog_wizard
D:5:      layout_basic, serial_shops, shop, kennysheep_generic_room_10
D:6:      layout_loops_ring, kennysheep_mini, serial_shops,
          nicolae_shop_behind_doors, uniq_grinder, uniq_edmund
D:7:      layout_loops_cross, minmay_fractal_squares_5
D:8:      layout_loops_corners, serial_shops, shop, okawaru_ov_weapons_minmay
D:9:      layout_loops_ring, grunt_temple_overflow_cloverleaf, erik_orc_3,
          enter_bailey_3, minmay_misc_feat_diagonals
Temple:   nicolae_temple_great_sept
Bailey:   bailey_axe_minmay_hex_keep, bailey

Skill      XL: |  1  2  3  4  5  6  7  8  9 |
---------------+----------------------------+-----
Maces & Flails | 3 4 5 6 |  6.7
Armour         | 1 2 3 4 6 |  6.0
Dodging        | 3 4 5 6 |  6.7
Fighting       | 3 4 5 6 7 |  7.6
Throwing       | |  1.7

Action                   |  1- 3 |  4- 6 |  7- 9 || total
-------------------------+-------+-------+-------++-------
Melee: Flail             |   134 |   192 |   582 ||   908
Throw: Throwing net      |     1 |     2 |     2 ||     5
  Use: Scroll            |     1 |     5 |    14 ||    20
       Potion            |       |     7 |     3 ||    10
 Stab: Sleeping          |       |     1 |       ||     1
       Held in net/web   |       |     1 |     1 ||     2
       Invisible         |       |       |     1 ||     1
Armor: Leather armour    |    54 |    58 |    47 ||   159
       Chain mail        |       |       |   100 ||   100
       Ring mail         |       |       |    86 ||    86
Dodge: Dodged            |   136 |   114 |   358 ||   608
Block: Buckler           |     9 |    47 |   154 ||   210
